Map: Central Protocol

Players

SticklerMac

  • Race: Zerg Zerg
  • League: Platinum

Kang - Winner!

  • Race: Zerg Zerg
  • League: Platinum

VOD

Have the link to the VOD?

Description

Time

  • Played on: Nov. 14, 2015, 10:19 p.m.
  • Length: 6:15
Show
View Real Time Build Order
Export as new Build Order

SticklerMac Zerg 

Build Orders: Hatch First, Zergling Baneling 

Get SALT Encoding   

  12  0:01  Drone  
  13  0:12  Overlord  
  13  0:17  Drone  
  14  0:31  Drone x2  
  14  0:34  Drone  
  17  0:55  Hatchery  
  16  1:05  Drone x2  
  16  1:09  Extractor  
  17  1:15  Spawning Pool  
  16  1:22  Drone  
  17  1:34  Drone x2  
  19  1:40  Overlord  
  19  1:52  Drone  
  20  2:03  Queen  
  20  2:07  Queen  
  24  2:11  Drone  
  24  2:13  Metabolic Boost  
  25  2:17  Zergling x2  
  25  2:19  Zergling x2  
  27  2:29  Drone x3  
  30  2:37  Zergling x2  
  31  2:47  Baneling Nest, Zergling x2  
  31  2:48  Zergling x2  
  31  2:50  Zergling x2  
  33  2:59  Overlord  
  33  3:04  Zergling x2  
  33  3:05  Overlord  
  34  3:11  Drone  
  35  3:17  Drone  
  36  3:26  Overlord x2  
  36  3:28  Drone x2  
  36  3:29  Drone  
  39  3:38  Baneling  
  39  3:39  Baneling x6  
  39  3:42  Zergling x2  
  39  3:43  Zergling x2  
  39  3:47  Zergling x2  
  42  3:48  Zergling x2  
  40  4:07  Zergling x12  
  40  4:08  Zergling x2  
  44  4:15  Baneling x2  
  44  4:16  Zergling x2  
  44  4:18  Baneling  
  44  4:19  Zergling x2, Baneling  
  45  4:25  Zergling x10  
  45  4:26  Zergling x2  
  49  4:46  Zergling x8  
  49  4:47  Baneling  
  49  4:48  Baneling x2  
  49  4:49  Baneling  
  47  5:00  Zergling x2  
  47  5:01  Zergling x14  
  48  5:17  Zergling x4  
  49  5:42  Baneling x2  
  48  5:43  Baneling x3  
  48  5:46  Zergling x8  
  48  5:47  Zergling x4  
Show
View Real Time Build Order
Export as new Build Order

Kang Zerg - Winner!

Build Orders: Hatch First 

Get SALT Encoding   

  12  0:08  Overlord  
  12  0:12  Drone  
  13  0:23  Drone  
  13  0:28  Drone  
  15  0:31  Drone  
  16  0:52  Hatchery  
  16  0:55  Drone  
  16  0:56  Drone  
  17  1:04  Extractor  
  16  1:15  Spawning Pool  
  16  1:17  Drone  
  16  1:20  Drone  
  17  1:27  Drone  
  18  1:38  Overlord  
  18  2:04  Queen x2  
  18  2:05  Metabolic Boost  
  18  2:08  Drone  
  23  2:09  Drone  
  24  2:22  Drone  
  25  2:23  Drone x2  
  27  2:38  Drone x4  
  31  2:55  Zergling x6  
  34  2:59  Zergling x2  
  35  3:11  Baneling Nest  
  34  3:13  Roach Warren  
  34  3:18  Zergling x6  
  36  3:26  Spine Crawler  
  35  3:36  Drone, Overlord x3  
  35  3:37  Overlord  
  36  3:43  Evolution Chamber  
  36  3:45  Evolution Chamber  
  34  3:58  Baneling x3  
  29  4:11  Zergling x2  
  29  4:12  Zergling x8  
  29  4:14  Queen  
  36  4:19  Zerg Missile Weapons Level 1, Extractor  
  35  4:34  Baneling  
  33  4:57  Baneling  
  33  4:58  Baneling  
  27  5:17  Zergling x12  
  33  5:39  Roach x4  
  33  5:42  Baneling  
  38  5:55  Spine Crawler, Baneling  
  38  5:56  Spine Crawler  
  36  5:57  Spine Crawler  
Tags
 
Add a new tag
Caveats
  • Supply blocks, unpowered buildings, or Contaminate may cause inaccurate times.
  • Supply counts are checked every 10 seconds.